 Dungeon Crawl Stone Soup version 0.29.1-14-g9c671dbff4 (webtiles) character file.

Game seed: 8834991132471270692

1445617 MacCMillion the Intangible (level 27, 179/179 HPs)
             Began as a Kobold Hunter on Feb 17, 2023.
             Was the Champion of Hepliaklqana.
             Escaped with the Orb
             ... and 3 runes!
             The game lasted 03:01:52 (94667 turns).

MacCMillion the Intangible (Kobold Hunter)         Turns: 94667, Time: 03:01:52

Health: 179/179    AC: 20    Str: 12    XL:     27
Magic:  36/36      EV: 59    Int: 14    God:    Hepliaklqana [******]
Gold:   6895       SH: 32    Dex: 43    Spells: 21/26 levels left

rFire   + . .      SeeInvis .   s - +8 hand crossbow (vorpal)
rCold   + + +      Faith    .   v - +5 kite shield
rNeg    . . .      Spirit   .   H - +4 faerie dragon scales {rC+ rCorr}
rPois   .          Reflect  +   A - +0 helmet of Nihilism {rF+ Dex+5 Stlth+}
rElec   +          Harm     .   p - +2 cloak
rCorr   +          Rampage  .   W - +2 pair of gloves {Dex+3}
Will    +++..                   Z - +0 pair of boots {Stlth+}
Stlth   +++.......              c - amulet "Mimoosod" {Reflect rElec rC+ Int+4 SH+5}
HPRegen 0.39/turn               g - ring of Circularity {Str+2 Dex+6}
MPRegen 0.25/turn               V - ring of Adoett {rC+ Will+ Str+2 Stlth+}

@: studying 5 skills
A: reduced essence, small, no large weapons, nightstalker 3, dopey 2
0: Orb of Zot
}: 3/15 runes: barnacled, slimy, gossamer
a: Renounce Religion, Recall Ancestor, Ancestor Identity, Transference, Idealise


You escaped.
You worshipped Hepliaklqana.
Hepliaklqana was exalted by your worship.
You visited 10 branches of the dungeon, and saw 51 of its levels.
You visited 1 bazaar.
You also visited: Trove, Bailey, Gauntlet, Ice Cave and Wizlab.

You collected 8455 gold pieces.
You spent 1560 gold pieces at shops.

Inventory:

Hand Weapons
 s - a +8 vorpal hand crossbow (weapon)
 z - the +10 arbalest of World Downfall {elec, Str+4}
   (You acquired it on level 8 of the Dungeon)

   Any ammunition fired from it occasionally discharges a powerful burst of
   electricity upon striking a foe.
   Str:       It affects your strength (+4).
Armour
 p - a +2 cloak (worn)
 v - a +5 kite shield (worn)
 A - the +0 helmet of Nihilism (worn) {rF+ Dex+5 Stlth+}
   (You acquired it on level 3 of the Elven Halls)

   Dex:       It affects your dexterity (+5).
   rF:        It protects you from fire.
   Stlth:     It makes you more stealthy.
 H - the +4 faerie dragon scales (worn) {rC+ rCorr}
   (You took it off the Enchantress on level 1 of the Depths)

   rC:        It protects you from cold.
   rCorr:     It protects you from acid and corrosion.
 W - a +2 pair of gloves of dexterity (worn)
 Z - a +0 pair of boots of stealth (worn)
Jewellery
 c - the amulet "Mimoosod" (around neck) {Reflect rElec rC+ Int+4 SH+5}
   (You acquired it on level 8 of the Dungeon)

   [amulet of reflection]

   It reflects blocked missile attacks.
   Int:       It affects your intelligence (+4).
   rC:        It protects you from cold.
   rElec:     It insulates you from electricity.
   SH:        It affects your SH (+5).
 g - the ring of Circularity (left hand) {Str+2 Dex+6}
   (You found it on level 3 of the Elven Halls)

   [ring of dexterity]

   Str:       It affects your strength (+2).
   Dex:       It affects your dexterity (+6).
 h - a ring of fire
 k - a ring of poison resistance
 F - a +4 ring of evasion
 V - the ring of Adoett (right hand) {rC+ Will+ Str+2 Stlth+}
   (You acquired it on level 3 of the Elven Halls)

   [ring of protection from cold]

   Str:       It affects your strength (+2).
   rC:        It protects you from cold.
   Will:      It increases your willpower.
   Stlth:     It makes you more stealthy.
Wands
 K - a wand of acid (32)
 M - a wand of digging (17)
 N - a wand of mindburst (33)
 Q - a wand of flame (82)
 T - a wand of iceblast (27)
Scrolls
 a - 13 scrolls of blinking
 b - 10 scrolls of immolation
 d - 17 scrolls of teleportation
 e - 2 scrolls of brand weapon
 i - 13 scrolls of butterflies
 q - 2 scrolls of magic mapping
 u - 12 scrolls of poison
 w - a scroll of enchant weapon
 y - 5 scrolls of silence
 B - 9 scrolls of enchant armour
 D - 17 scrolls of fear
 P - 3 scrolls of summoning
 S - 3 scrolls of torment
 Y - 8 scrolls of amnesia
Potions
 l - 20 potions of might
 m - 5 potions of resistance
 n - 14 potions of heal wounds
 o - 11 potions of brilliance
 r - 7 potions of ambrosia
 t - 5 potions of haste
 x - 4 potions of magic
 C - 10 potions of flight
 E - 10 potions of curing
 I - 9 potions of mutation
 J - 12 potions of attraction
 L - 5 potions of cancellation
 O - 8 potions of berserk rage
 U - 4 potions of invisibility
 X - 7 potions of lignification
Miscellaneous
 f - a condenser vane
 j - a lightning rod (4/4)
 G - a phantom mirror
 R - a box of beasts


   Skills:
 O Level 27 Fighting
 + Level 20.7 Ranged Weapons
 - Level 4.5 Armour
 O Level 27 Dodging
 - Level 6.0 Stealth
 - Level 20.0 Shields
 - Level 8.0 Hexes
 - Level 12.0 Translocations
 - Level 18.0 Invocations
 - Level 5.0 Evocations


You had 21 spell levels left.
You knew the following spells:

 Your Spells              Type           Power      Damage    Failure   Level
a - Portal Projectile     Hex/Tloc       56%        N/A       3%          3
b - Blink                 Tloc           66%        N/A       1%          2

Your spell library contained the following spells:

 Spells                   Type           Power      Damage    Failure   Level
 Apportation              Tloc           66%        N/A       1%          1
 Gell's Gravitas          Tloc           33%        N/A       1%          3
 Lesser Beckoning         Tloc           33%        N/A       1%          3
 Teleport Other           Tloc           33%        N/A       1%          3
 Slow                     Hex            88%        N/A       2%          1
 Passage of Golubria      Tloc           33%        N/A       4%          4
 Confusing Touch          Hex            22%        N/A       8%          3
 Tukima's Dance           Hex            22%        N/A       8%          3
 Ensorcelled Hibernation  Hex/Ice        22%        N/A       21%         2
 Cause Fear               Hex            11%        N/A       26%         4
 Dazzling Flash           Conj/Hex       22%        N/A       36%         3
 Inner Flame              Hex/Fire       11%        N/A       36%         3
 Iskenderun's Mystic Bla  Conj/Tloc      16%        2d5       50%         4
 Beastly Appendage        Tmut           0%         N/A       56%         1
 Foxfire                  Conj/Fire      0%         2x1d4     56%         1
 Freeze                   Ice            0%         1d3       56%         1
 Magic Dart               Conj           0%         1d3       56%         1
 Necrotise                Necr           0%         1d4       56%         1
 Sting                    Tmut/Pois      0%         1d3       56%         1
 Summon Small Mammal      Summ           0%         N/A       56%         1
 Passwall                 Tmut/Erth      0%         N/A       71%         2
 Poisonous Vapours        Pois/Air       0%         N/A       71%         2
 Searing Ray              Conj           0%         2d4       71%         2
 Static Discharge         Conj/Air       0%         3-3/arc   71%         2
 Sublimation of Blood     Necr           0%         N/A       71%         2
 Anguish                  Hex/Necr       5%         N/A       78%         4
 Fulminant Prism          Conj/Hex       5%         3d7       78%         4
 Leda's Liquefaction      Hex/Erth       5%         N/A       78%         4
 Call Canine Familiar     Summ           0%         N/A       90%         3
 Conjure Flame            Conj/Fire      0%         6-21      90%         3
 Frozen Ramparts          Ice            0%         1d1       90%         3
 Ignite Poison            Fire/Tmut/Pois 0%         N/A       90%         3
 Mephitic Cloud           Conj/Pois/Air  0%         N/A       90%         3
 Ozocubu's Armour         Ice            0%         N/A       90%         3
 Spider Form              Tmut/Pois      0%         N/A       90%         3
 Stone Arrow              Conj/Erth      0%         3d7       90%         3
 Vampiric Draining        Necr           0%         2d6       90%         3
 Metabolic Englaciation   Hex/Ice        5%         N/A       98%         5
 Yara's Violent Unravell  Hex/Tmut       5%         3d4       98%         5
 Animate Armour           Summ/Erth      0%         N/A       100%        4
 Animate Dead             Necr           0%         N/A       100%        4
 Corpse Rot               Necr/Pois/Air  0%         N/A       100%        4
 Dispel Undead            Necr           0%         3d6       100%        4
 Flame Wave               Conj/Fire      0%         2d4       100%        4
 Hailstorm                Conj/Ice       0%         3d3       100%        4
 Ice Form                 Ice/Tmut       0%         N/A       100%        4
 Olgreb's Toxic Radiance  Pois           0%         N/A       100%        4
 Sticky Flame             Conj/Fire      0%         2d3       100%        4
 Summon Ice Beast         Ice/Summ       0%         N/A       100%        4
 Summon Lightning Spire   Summ/Air       0%         N/A       100%        4
 Blade Hands              Tmut           0%         N/A       100%        5
 Borgnjor's Vile Clutch   Necr/Erth      0%         N/A       100%        5
 Freezing Cloud           Conj/Ice/Air   0%         6-21      100%        5
 Iskenderun's Battlesphe  Conj           0%         2d6       100%        5
 Lightning Bolt           Conj/Air       0%         1d11      100%        5
 Death Channel            Necr           0%         N/A       100%        6
 Iron Shot                Conj/Erth      0%         9d1       100%        6
 Simulacrum               Ice/Necr       0%         N/A       100%        6
 Starburst                Conj/Fire      0%         6d3       100%        6
 Summon Cactus Giant      Summ           0%         N/A       100%        6
 Haunt                    Necr/Summ      0%         N/A       100%        7
 Ozocubu's Refrigeration  Ice            0%         4d7       100%        7
 Spellforged Servitor     Conj/Summ      0%         N/A       100%        7
 Storm Form               Tmut/Air       0%         N/A       100%        7
 Summon Hydra             Summ           0%         N/A       100%        7
 Discord                  Hex            11%        N/A       100%        8
 Ignition                 Fire           0%         3d3       100%        8
 Lehudib's Crystal Spear  Conj/Erth      0%         10d2      100%        8
 Maxwell's Capacitive Co  Air            0%         ∞         100%        8
 Necromutation            Tmut/Necr      0%         N/A       100%        8
 Summon Horrible Things   Summ           0%         N/A       100%        8
 Chain Lightning          Conj/Air       0%         N/A       100%        9
 Polar Vortex             Ice            0%         N/A       100%        9


Dungeon Overview and Level Annotations

Branches:
Dungeon (15/15)            Temple (0/1) D:4            Lair (5/5) D:9
 Shoals (4/4) Lair:3       Spider (4/4) Lair:3        Slime (5/5) Lair:4
    Orc (2/2) D:11            Elf (3/3) Orc:2        Vaults (4/5) D:14
  Crypt (0/3) Vaults:3     Depths (4/4) D:15            Zot (5/5) Depths:4
 Bailey (visited)           IceCv (visited)          WizLab (visited)
Gauntlet (visited)

Altars:
Ashenzari
Cheibriados
Hepliaklqana
Kikubaaqudgha
Nemelex Xobeh
Okawaru
Qazlal
Trog
Uskayaw
Vehumet
Wu Jian
Xom
Yredelemnul
Zin
The Shining One

Shops:
D:3 !((:   D:5 *   D:6 *   D:10 *   D:14 (   Orc:1 :   Orc:2 :*?!   Elf:1 [?*
Shoals:3 [   Vaults:1 (   Depths:3 :   Depths:4 *

Portals:
Hell: Depths:1 Depths:2 Depths:3 Depths:4
Abyss: Depths:3
Pandemonium: Depths:2
Ziggurat: Depths:2

Annotations:
Lair:4 1 runed translucent door, Kinla's ghost, journeyman MiBe
Shoals:3 2 transporters, Qutowiq's ghost, adept OpFE
Elf:1 7 runed translucent doors
Elf:2 3 runed translucent doors
Depths:2 1 exclusion
Zot:3 3 runed translucent doors, Emnejil's ghost, master VSBe
Zot:4 2 runed translucent doors, Ynileos's ghost, veteran DECj


Innate Abilities, Weirdness & Mutations

Your life essence is reduced to manifest your ancestor. (-10% HP)
You are small and have problems with some larger weapons.
You are completely attuned to the shadows.
You are very dopey. (Int -4)


Message History

You can't go up here!
There is a stone staircase leading up here.
You climb upwards.
There is a stone staircase leading down here.
Things that are here:
6 poisoned darts; a +0 whip
There is an open door here.
There is a stone staircase leading up here.
You climb upwards.
There is a stone staircase leading down here.
There is a stone staircase leading up here.
You climb upwards.
There is a stone staircase leading down here.
There is a stone staircase leading up here.
You climb upwards.
There is a stone staircase leading down here.
You see here a +0 spear.
There is a stone staircase leading up here.
You climb upwards.
There is a stone staircase leading down here.
You swap places.
There is a stone staircase leading up here.
You climb upwards.
There is a stone staircase leading down here.
You see here a jackal skeleton.
There is an open door here.
A neqoxec comes into view.
A sun demon comes into view.
Kenrick blocks the neqoxec's attack.
There is a stone staircase leading up here.
Kenrick hits the neqoxec with a +0 broad axe of speed!!
Kenrick blocks the neqoxec's attack.
Kenrick closely misses the neqoxec.
You climb upwards.
There is a stone staircase leading down here.
There is an open door here.
There is a fountain of clear blue water here.
You enter the shallow water.
Moving in this stuff is going to be slow.
There is a staircase leading out of the dungeon here.
You have escaped!

..# #.###.###.....#..........###
..# #...........................
..# ###################......###
..## #.#≈≈≈≈≈≈≈≈≈≈≈≈≈######.###
...#####.#≈≈≈≈≈≈≈≈≈≈≈≈≈#........#
...##....#≈≈≈≈~~~≈≈≈≈≈≈#.####.#.#
...##.##.#≈≈≈~~~~~~~≈≈≈#.........
...##.##.#≈≈≈~~...~~≈≈≈#......#..
#..##.##.#≈≈~~..@..~~~≈#..###.#..
#..##.##.#≈≈≈~~...~~≈≈≈#.........
...##.##.#≈≈≈≈~~~~~≈≈≈≈#.##.#....
.........#≈≈≈≈~~~~~≈≈≈≈#....#.#..
.........#≈≈≈~~~~~~≈≈≈≈###..#.#.#
.........#≈≈≈≈~~~≈~≈≈≈≈# #..#.#.#
#.###..#.#≈≈≈~~~~≈~~~≈≈# #..#.#.#
#.###..#.#≈≈≈~~~~~~~≈≈≈# #..#.#.#
.........#≈≈≈~~≈~≈~~≈≈≈# #..#.#.#


There were no monsters in sight!

Vanquished Creatures
  A dread lich (Zot:5)
  An ancient lich (Zot:5)
  An orb of fire (Zot:5)
  2 juggernauts
  4 Killer Klowns (Zot:5)
  Bai Suzhen (Depths:2)
  A curse toe (Zot:5)
  7 golden dragons
  A Tzitzimitl (Zot:3)
  2 bone dragons (Zot:3)
  A doom hound (Zot:3)
  2 iron giants (Depths:1)
  2 hellephants (Depths:3)
  2 electric golems (Zot:5)
  5 tentacled monstrosities
  2 Hell Sentinels
  17 Orb Guardians
  5 quicksilver dragons
  3 deep elf blademasters
  A deep elf master archer (Elf:3)
  A walking divine tome (Depths:3)
  A kraken (Shoals:1)
  13 acid blobs
  4 death cobs
  2 sphinxes
  2 shadow dragons
  Kirke (Shoals:2)
  An ancient champion (WizLab)
  5 draconian monks
  2 tengu reavers (Depths:3)
  2 draconian knights
  3 storm dragons
  5 rockslimes
  A revenant (Vaults:3)
  5 azure jellies
  8 vault wardens
  2 iron dragons
  A frost giant (Depths:2)
  6 deep elf sorcerers
  An emperor scorpion (Spider:4)
  A cacodemon (D:11)
  3 draconian scorchers
  5 draconian shifters
  An orc warlord (Orc:1)
  3 ghost moths
  3 draconian stormcallers
  4 deep elf elementalists (Elf:3)
  2 fire giants
  8 ironbound preservers
  4 quicksilver oozes
  6 stone giants
  A broodmother (Spider:3)
  A draconian annihilator (Zot:5)
  A spriggan defender (Depths:1)
  7 very ugly things
  2 ironbound thunderhulks
  6 red draconians
  5 black draconians
  11 purple draconians
  6 deep elf demonologists
  7 green draconians
  3 vampire knights
  5 dire elephants
  6 white draconians
  2 entropy weavers
  5 deep elf annihilators
  8 yellow draconians
  10 spark wasps
  An eidolon (Vaults:3)
  5 fire dragons
  5 merfolk javelineers
  6 ettins
  8 merfolk impalers
  A crystal guardian (Vaults:1)
  A jiangshi (Depths:4)
  4 deep elf high priests
  A catoblepas (Lair:3)
  5 hydras
  3 yaktaur captains
  6 great orbs of eyes
  2 peacekeepers
  4 boulder beetles
  2 rakshasas
  9 vault guards
  2 merfolk aquamancers (Shoals:3)
  3 merfolk avatars
  4 ice dragons
  2 ogre magi
  Erica (Lair:1)
  5 ironbound frosthearts
  2 jorogumos
  8 centaur warriors
  5 two-headed ogres
  2 alligator snapping turtles (Shoals:1)
  10 death yaks
  4 deep troll shamans
  3 radroaches (Spider:2)
  15 dancing weapons
  3 satyrs
  3 spriggan berserkers
  2 vampire magi
  5 hell hogs (Depths:3)
  A shock serpent (shapeshifter) (D:15)
  8 deep troll earth magi
  5 orc high priests
  A tengu warrior (D:15)
  Urug (D:10)
  A hell knight (Depths:3)
  Amaemon (D:8)
  9 deep elf knights
  A sun demon (D:13)
  A sixfirhy (D:11)
  6 skeletal warriors
  4 steelbarb worms
  3 iron trolls (Depths:1)
  A steelbarb worm (shapeshifter) (Depths:4)
  A goliath frog (Lair:5)
  3 glowing orange brains
  23 deep trolls
  A pharaoh ant (Spider:4)
  9 orb spiders
  11 sea snakes
  2 flayed ghosts
  A sun moth (Spider:4)
  28 deep elf pyromancers
  10 deep elf archers
  14 ironbound convokers
  7 wizards
  4 harpies
  10 orc knights
  A phantasmal warrior (Depths:2)
  3 necromancers
  7 lindwurms
  27 ugly things
  6 orc sorcerers
  8 wolf spiders
  17 deep elf zephyrmancers
  3 oklob plants (Lair:4)
  15 manticores
  4 shining eyes
  3 cyclopes
  12 fauns
  2 elephants (Lair:5)
  16 moths of wrath
  8 merfolk sirens
  An eye of devastation (Slime:3)
  13 vault sentinels
  6 torpor snails
  An orange demon (D:11)
  A rust devil (Depths:3)
  2 black mambas
  An ice statue (IceCv)
  6 water nymphs
  18 cane toads
  Psyche (D:10)
  2 centaur skeletons (D:14)
  An efreet (D:14)
  6 rime drakes
  7 demonic crawlers
  3 gargoyles
  10 komodo dragons
  A tengu conjurer (Depths:1)
  12 ice devils (IceCv)
  2 anaconda simulacra (IceCv)
  21 yaktaurs
  2 freezing wraiths (IceCv)
  A yaktaur (shapeshifter) (D:15)
  25 merfolk
  3 trolls
  2 meliai (Spider:1)
  A merfolk (shapeshifter) (Depths:3)
  22 blink frogs
  4 hornets
  2 wind drakes
  3 polar bears
  3 tyrant leeches (Lair:5)
  5 dream sheep (Lair:4)
  8 tarantellas
  65 slime creatures
  7 snapping turtles
  2 air elementals
  Sigmund (D:6)
  2 spriggans (Depths:3)
  A shadow (D:11)
  10 culicivoras
  2 vampires (WizLab)
  25 jumping spiders
  A dire elephant simulacrum (IceCv)
  13 water elementals
  4 wyverns
  A wraith (Vaults:3)
  8 basilisks
  24 yaks
  A steam dragon (Gauntlet)
  A fire elemental (Elf:3)
  7 golden eyes
  24 redbacks
  5 vampire mosquitoes
  Menkaure (D:6)
  4 death yak simulacra
  3 two-headed ogre zombies (WizLab)
  6 wargs
  A floating eye (D:11)
  5 acid dragons
  2 hydra simulacra (IceCv)
  8 water moccasins
  A floating eye (shapeshifter) (Elf:3)
  33 orc warriors
  An ice beast (D:8)
  A sky beast (D:6)
  3 black bears
  13 wolves
  14 ogres
  A boggart (Vaults:1)
  6 centaurs
  2 phantoms (D:6)
  3 kobold brigands
  An earth elemental (Elf:3)
  12 bullfrogs
  A cyclops zombie (Orc:1)
  2 scorpions (D:5)
  4 cane toad simulacra (IceCv)
  A necrophage (D:5)
  7 wights
  5 troll zombies (WizLab)
  2 elephant simulacra (IceCv)
  7 killer bees
  An electric eel (D:14)
  A vampire bat (Orc:1)
  5 howler monkeys
  A jelly (D:7)
  A hound (D:6)
  15 orc priests
  4 gnoll boudas (D:12)
  4 hell rats (Lair:1)
  A cyclops simulacrum (Orc:1)
  4 iguanas
  Ijyb (D:5)
  A boggart skeleton (D:14)
  20 orc wizards
  2 troll simulacra (IceCv)
  9 polar bear simulacra
  A wolf simulacrum (IceCv)
  3 ogre zombies (WizLab)
  An ogre skeleton (Orc:1)
  Robin (D:3)
  8 gnolls
  2 adders
  A naga simulacrum (IceCv)
  2 orc zombies (Orc:1)
  A shadow imp (D:7)
  A white imp (IceCv)
  3 ufetubi
  An orc simulacrum (Orc:1)
  An orc skeleton (Orc:1)
  4 worms
  A dart slug (D:3)
  58 orcs
  9 endoplasms
  3 giant cockroaches
  16 goblins
  13 hobgoblins
  11 jackals
  4 quokkas
  3 ball pythons
  13 bats
  3 frilled lizards
  19 kobolds
  6 rats
  2 tentacles (Shoals:1)
1505 creatures vanquished.

Vanquished Creatures (collateral kills)
  the Royal Jelly (Slime:5)
  An ancient lich (WizLab)
  4 orbs of fire (Zot:5)
  Vv (Depths:3)
  Parghit (Zot:4)
  A curse toe (Zot:5)
  2 golden dragons
  the Enchantress (Depths:1)
  2 bone dragons (Depths:4)
  Arachne (Spider:4)
  An electric golem (Zot:1)
  2 doom hounds (Zot:3)
  6 tentacled monstrosities
  A lich (Depths:3)
  Grunn (Zot:3)
  8 Orb Guardians
  6 quicksilver dragons
  8 acid blobs
  2 death cobs
  4 shadow dragons
  A tengu reaver (Vaults:1)
  3 sphinxes
  4 storm dragons
  6 draconian monks
  2 azure jellies
  3 rockslimes
  A fire giant (Depths:3)
  Ilsuiw (Shoals:2)
  4 draconian knights
  A deep elf sorcerer (Elf:3)
  A frost giant (Depths:3)
  An iron dragon (Depths:3)
  4 draconian scorchers
  An emperor scorpion (Spider:4)
  An orc warlord (Vaults:3)
  3 vault wardens
  Louise (Elf:2)
  5 ghost moths
  4 deep elf elementalists (Elf:3)
  2 draconian shifters (Zot:5)
  2 balrugs (Depths:2)
  6 very ugly things
  2 war gargoyles
  A draconian annihilator (Zot:2)
  6 ironbound preservers
  2 spriggan defenders (Depths:1)
  3 draconian stormcallers
  A broodmother (Spider:3)
  4 quicksilver oozes
  9 stone giants
  3 ironbound thunderhulks
  5 black draconians
  8 green draconians
  A deep elf demonologist (Elf:3)
  A deep elf annihilator (Elf:3)
  3 purple draconians
  11 yellow draconians
  A minotaur (Gauntlet)
  3 entropy weavers
  5 white draconians
  9 red draconians
  7 spark wasps
  An ettin (Depths:3)
  A crystal guardian (Vaults:1)
  3 merfolk javelineers
  3 dire elephants (Vaults:1)
  2 jiangshi (Depths:4)
  A deep elf death mage (Elf:3)
  4 merfolk impalers
  3 fire dragons
  A deep elf high priest (Elf:1)
  A great orb of eyes (Vaults:3)
  A vault guard (Vaults:4)
  A rakshasa (Depths:1)
  A peacekeeper (Vaults:1)
  7 spriggan air magi
  A radroach (Spider:1)
  2 yaktaur captains
  A jorogumo (Spider:4)
  5 hydras
  A hell beast (D:14)
  3 merfolk avatars
  5 merfolk aquamancers (Shoals:4)
  An ironbound frostheart (Vaults:3)
  A two-headed ogre (D:15)
  2 tengu warriors
  4 centaur warriors
  5 deep troll shamans
  A vampire mage (Depths:4)
  4 deep troll earth magi
  6 death yaks
  2 hell hogs (Depths:3)
  2 satyrs (Shoals:3)
  5 dancing weapons
  3 spriggan berserkers
  An orc high priest (Vaults:3)
  8 deep elf knights
  3 pharaoh ants
  2 skeletal warriors (WizLab)
  A spark wasp zombie (Depths:1)
  A goliath frog (Lair:5)
  4 iron trolls
  4 orb spiders
  A steelbarb worm (Spider:3)
  6 sea snakes
  5 glowing orange brains
  5 deep elf archers
  A spriggan rider (Depths:1)
  2 lindwurms
  21 deep trolls
  A phantasmal warrior (Depths:2)
  14 deep elf pyromancers
  5 deep elf zephyrmancers
  2 ironbound convokers (Vaults:3)
  A wizard (Vaults:2)
  6 orc knights
  2 necromancers
  2 orc sorcerers (Orc:1)
  12 ugly things
  An oklob plant (Lair:4)
  7 wolf spiders
  A frost giant zombie (Depths:1)
  6 fauns
  10 manticores
  40 slime creatures
  4 moths of wrath
  A fire giant skeleton (Depths:1)
  An orc zombie (Orc:1)
  An elephant (Lair:5)
  A vault sentinel (Vaults:1)
  A torpor snail (Spider:4)
  4 merfolk sirens
  2 black mambas (Lair:2)
  2 eyes of devastation
  4 cane toads
  2 orange demons
  2 rime drakes (Lair:5)
  A freezing wraith (IceCv)
  5 yaktaurs
  3 komodo dragons
  Maggie (D:7)
  3 unseen horrors
  7 demonic crawlers
  An anaconda simulacrum (IceCv)
  An ice devil (IceCv)
  A tengu conjurer (D:14)
  A meliai (Spider:1)
  9 merfolk
  3 hornets
  A troll (D:11)
  4 dream sheep
  4 tarantellas
  A raiju (Gauntlet)
  A spriggan zombie (Depths:1)
  3 wind drakes
  2 blink frogs (Lair:5)
  3 snapping turtles
  4 spriggans (Depths:1)
  4 culicivoras
  10 jumping spiders
  An air elemental (Elf:1)
  A vampire (WizLab)
  13 yaks
  A wyvern (D:10)
  7 water elementals
  3 vampire mosquitoes
  18 redbacks
  5 golden eyes
  A steam dragon (D:7)
  4 wargs
  2 two-headed ogre zombies (WizLab)
  A hydra simulacrum (IceCv)
  2 acid dragons
  A water moccasin (Lair:2)
  A black bear (D:8)
  16 orc warriors
  A centaur (D:9)
  3 boggarts (Vaults:1)
  An ogre (Orc:1)
  5 wolves
  2 phantoms (D:5)
  2 bullfrogs
  3 wights
  A cyclops skeleton (Orc:1)
  2 troll zombies (WizLab)
  A killer bee (D:9)
  3 electric eels
  A jelly (D:5)
  2 hounds
  10 orc priests
  2 hell rats
  5 orc wizards
  A boggart skeleton (D:14)
  A polar bear simulacrum (IceCv)
  2 wolf simulacra (IceCv)
  2 ogre zombies (WizLab)
  2 gnolls (D:12)
  32 orcs
  A bat (Orc:1)
  2 kobolds (Bailey)
717 creatures vanquished.

Vanquished Creatures (others)
  Nikola (Vaults:1)
  3 deep elf master archers (Elf:3)
  An ironbound preserver (Vaults:1)
  A green draconian (Zot:5)
  2 yaktaur captains
  2 deep trolls (Vaults:1)
  A deep elf pyromancer (Elf:1)
  2 yaktaurs
  2 slime creatures (Vaults:1)
  A water elemental (Shoals:3)
  A culicivora (Spider:4)
  3 humans (Shoals:2)
  A golden eye (Slime:2)
  2 orc warriors (Vaults:3)
  38 knights
  3 ancestors
  47 fungi
  148 plants
  4 tentacles (Shoals:1)
  A withered plant (Gauntlet)
264 creatures vanquished.

Grand Total: 2486 creatures vanquished

Notes
Turn   | Place    | Note
-------+----------+-------------------------------------------
     0 | D:1      | MacCMillion the Kobold Hunter began the quest for the Orb.
     0 | D:1      | Reached XP level 1. HP: 12/12 MP: 1/1
   505 | D:1      | Reached XP level 2. HP: 17/17 MP: 2/2
   946 | D:1      | Found a faded altar of an unknown god.
  1850 | D:2      | Reached XP level 3. HP: 21/21 MP: 3/3
  1995 | D:2      | Identified the +7 short sword "Raxef" {chaos, rF++}
  2275 | D:2      | Reached XP level 4. HP: 25/26 MP: 4/4
  3679 | D:3      | Found Imezxaq's Book Shoppe.
  3693 | D:3      | Found Feuco's Weapon Shoppe.
  3868 | D:3      | Found Yfokoing's Distillery.
  3906 | D:3      | Reached XP level 5. HP: 30/30 MP: 5/5
  4037 | D:3      | Found a shimmering altar of Xom.
  4038 | D:3      | Found a stormy altar of Qazlal.
  4038 | D:3      | Found a glowing golden altar of the Shining One.
  4165 | D:3      | Found a hazy altar of Hepliaklqana.
  4217 | D:3      | Became a worshipper of Hepliaklqana the Forgotten
  4316 | D:3      | Noticed Robin
  4591 | D:3      | Killed Robin
  4648 | D:3      | Found Akhlipac's Weapon Emporium.
  4895 | D:4      | Found an ancient bone altar of Kikubaaqudgha.
  5285 | D:4      | Found a staircase to the Ecumenical Temple.
  5376 | D:4      | Reached XP level 6. HP: 35/35 MP: 6/6
  5654 | D:5      | Entered Level 5 of the Dungeon
  5818 | D:5      | Found Xeighoq's Assorted Antiques.
  5864 | D:5      | Reached * piety under Hepliaklqana
  5956 | D:5      | Noticed a black bear
  5962 | D:5      | Killed a black bear
  6094 | D:5      | Reached XP level 7. HP: 36/36 MP: 7/7
  6210 | D:5      | Found a broken altar of Ashenzari.
  6214 | D:5      | Found a glowing silver altar of Zin.
  6224 | D:5      | Found a radiant altar of Vehumet.
  6227 | D:5      | Reached skill level 10 in Ranged Weapons
  6525 | D:5      | Noticed Ijyb
  6956 | D:5      | Reached XP level 8. HP: 35/40 MP: 8/8
  7199 | D:5      | Killed Ijyb
  7268 | D:6      | Noticed Sigmund
  7684 | D:6      | Found Leiff's General Store.
  7689 | D:6      | Bought a scroll of identify for 24 gold pieces
  7689 | D:6      | Bought a scroll of identify for 24 gold pieces
  7779 | D:6      | Noticed Menkaure
  7782 | D:6      | Killed Menkaure
  7811 | D:6      | Killed Sigmund
  7812 | D:6      | Reached skill level 5 in Dodging
  7812 | D:6      | Reached XP level 9. HP: 47/47 MP: 9/9
  7923 | D:6      | Reached skill level 5 in Fighting
  8778 | D:7      | Reached ** piety under Hepliaklqana
  8779 | D:7      | Remembered your ancestor Kenrick as a knight
  9328 | D:7      | Reached XP level 10. HP: 53/53 MP: 10/10
  9809 | D:7      | Noticed Maggie
 10882 | D:8      | Noticed Amaemon
 10882 | D:8      | Noticed an orange demon
 10947 | D:8      | Killed Amaemon
 10954 | D:8      | Killed an orange demon
 11384 | D:8      | Found an ornate altar of the Wu Jian Council.
 11494 | D:8      | Found a bloodstained altar of Trog.
 11494 | D:8      | Found an iron altar of Okawaru.
 11858 | D:9      | Reached *** piety under Hepliaklqana
 11864 | D:9      | Reached skill level 15 in Ranged Weapons
 12145 | D:9      | Got the Meditations on Death
 12317 | D:9      | Reached skill level 1 in Invocations
 12389 | D:9      | Reached skill level 10 in Dodging
 12392 | D:9      | Reached XP level 11. HP: 35/60 MP: 7/12
 12650 | D:9      | Found a basalt altar of Yredelemnul.
 12669 | D:9      | Found a staircase to the Lair.
 13422 | D:10     | Entered Level 10 of the Dungeon
 13474 | D:10     | Found Naix's Assorted Antiques.
 13627 | D:10     | Found a flagged portal.
 13633 | Bailey   | Entered a bailey
 13826 | Bailey   | Noticed an orc warlord
 13885 | Bailey   | Found a runed translucent gate.
 13885 | Bailey   | Found a runed translucent gate.
 13886 | Bailey   | Found a runed translucent gate.
 14340 | D:10     | Reached skill level 5 in Invocations
 14572 | D:10     | Found a sparkling altar of Nemelex Xobeh.
 14728 | D:10     | Noticed Psyche
 14732 | D:10     | Killed Psyche
 14914 | D:10     | Found a snail-covered altar of Cheibriados.
 15077 | D:10     | Noticed Urug
 15175 | D:7      | Killed Maggie
 15234 | D:8      | Identified 3 scrolls of acquirement
 15234 | D:8      | Acquired the amulet "Mimoosod" {Reflect rElec rC+ Int+4
                  | SH+5}
 15236 | D:8      | Acquired the +10 arbalest of World Downfall {elec, Str+4}
 15237 | D:8      | Acquired 662 gold pieces
 15297 | D:10     | Killed Urug
 15559 | D:11     | Noticed a green ugly thing
 15730 | D:11     | Noticed a manticore
 15921 | Lair:1   | Entered Level 1 of the Lair of Beasts
 16169 | Lair:1   | Reached **** piety under Hepliaklqana
 16246 | Lair:1   | Found a frozen archway.
 16255 | IceCv    | Entered an ice cave
 16268 | IceCv    | Reached XP level 12. HP: 46/68 MP: 15/15
 17165 | IceCv    | Reached skill level 10 in Fighting
 17289 | IceCv    | Found an ancient bone altar of Kikubaaqudgha.
 17898 | Lair:1   | Noticed Erica
 17901 | Lair:1   | Killed Erica
 18063 | Lair:1   | You fall into a shaft and drop 1 floor!
 18137 | Lair:2   | Noticed a death yak
 18137 | Lair:2   | Noticed a death yak
 18137 | Lair:2   | Noticed a death yak
 18137 | Lair:2   | Noticed a death yak
 18138 | Lair:2   | Noticed a death yak
 18165 | Lair:2   | Killed a death yak
 18166 | Lair:2   | Reached skill level 1 in Evocations
 18166 | Lair:2   | Reached XP level 13. HP: 74/74 MP: 15/18
 18942 | Lair:1   | Identified the +5 scale mail "Tiseari" {Dex+4}
 19288 | Lair:1   | Identified the +9 hand axe of Instinct {vorpal, rC+ Int-4
                  | Dex+2}
 19387 | Lair:1   | Reached skill level 5 in Evocations
 20380 | Lair:2   | Reached skill level 10 in Invocations
 20422 | Lair:2   | Reached skill level 1 in Armour
 20841 | Lair:3   | Noticed a boulder beetle
 20851 | Lair:3   | Killed a boulder beetle
 21136 | Lair:3   | Found a hole to the Spider Nest.
 21321 | Lair:3   | Noticed a catoblepas
 21328 | Lair:3   | Killed a catoblepas
 21443 | Lair:3   | Reached XP level 14. HP: 81/81 MP: 21/21
 22138 | Lair:3   | Found a staircase to the Shoals.
 22642 | Lair:4   | Reached skill level 5 in Stealth
 22862 | Lair:4   | Found a bloodstained altar of Trog.
 23130 | Lair:4   | Found a staircase to the Slime Pits.
 23718 | Lair:4   | Found a runed translucent door.
 23722 | Lair:4   | Identified the +1 trident "Kutar" {protect, Dex+2}
 23724 | Lair:4   | Noticed Kinla's ghost (journeyman MiBe)
 23978 | Lair:5   | Entered Level 5 of the Lair of Beasts
 24235 | Lair:5   | Reached skill level 15 in Dodging
 25079 | Lair:5   | Reached XP level 15. HP: 89/89 MP: 20/22
 27413 | D:11     | Found a staircase to the Orcish Mines.
 28382 | Orc:1    | Entered Level 1 of the Orcish Mines
 28662 | Orc:1    | Reached skill level 15 in Fighting
 28747 | Orc:1    | Reached ***** piety under Hepliaklqana
 29218 | Orc:1    | Found Qompin's Vocational Training.
 29246 | Orc:1    | Noticed an orc warlord
 29253 | Orc:1    | Killed an orc warlord
 29881 | Orc:2    | Entered Level 2 of the Orcish Mines
 30286 | Orc:2    | Found a gate leading to a gauntlet.
 30292 | Gauntlet | Entered a Gauntlet
 30324 | Gauntlet | Found a transporter.
 30375 | Gauntlet | Found a transporter.
 30420 | Gauntlet | Found a transporter.
 30420 | Gauntlet | Found a transporter.
 30434 | Gauntlet | Found a transporter.
 30485 | Gauntlet | Found a transporter.
 30507 | Gauntlet | Found a transporter.
 30507 | Gauntlet | Found a transporter.
 30676 | Gauntlet | Found a transporter.
 30676 | Gauntlet | Found a transporter.
 30758 | Gauntlet | Reached XP level 16. HP: 97/97 MP: 23/23
 31017 | Gauntlet | Identified the -1 hat of Anarchy {Drain rC+ Will+ Stlth+}
 31023 | Gauntlet | Identified the +4 demon trident "Foicsaj" {freeze, *Slow
                  | Fragile rPois Int+6}
 31098 | Gauntlet | Identified the +2 great sword of the Inviting Gods {vorpal,
                  | rC++}
 31749 | Orc:2    | Found a staircase to the Elven Halls.
 31897 | Orc:2    | Found Ecsymig's Distillery.
 31898 | Orc:2    | Found Jyfuid's Magic Scroll Shop.
 31902 | Orc:2    | Bought a potion of invisibility for 120 gold pieces
 31905 | Orc:2    | Bought a scroll of identify for 28 gold pieces
 31909 | Orc:2    | Found Kuhabb's General Store.
 31911 | Orc:2    | Found Afraong's Book Emporium.
 31917 | Orc:2    | Bought a book of Weapons for 392 gold pieces
 31921 | Orc:2    | Learned a level 3 spell: Portal Projectile
 32049 | Orc:2    | Bought a scroll of identify for 22 gold pieces
 32049 | Orc:2    | Bought a scroll of identify for 22 gold pieces
 32260 | D:12     | Reached skill level 1 in Hexes
 32260 | D:12     | Reached skill level 1 in Translocations
 32529 | D:12     | Found a hide-covered altar of Uskayaw.
 33466 | D:13     | Reached XP level 17. HP: 102/102 MP: 24/26
 34656 | D:14     | Found Tuegurgh's Weapon Boutique.
 34929 | D:14     | Reached skill level 5 in Hexes
 34929 | D:14     | Reached skill level 5 in Translocations
 35028 | D:14     | Found a gate to the Vaults.
 35083 | D:14     | Found a bloodstained altar of Trog.
 35768 | D:15     | Entered Level 15 of the Dungeon
 36546 | D:15     | Found a staircase to the Depths.
 37366 | Spider:1 | Entered Level 1 of the Spider Nest
 37469 | Spider:1 | Reached XP level 18. HP: 108/108 MP: 27/27
 38410 | Shoals:1 | Entered Level 1 of the Shoals
 39299 | Shoals:1 | Reached ****** piety under Hepliaklqana
 40204 | Shoals:1 | Noticed a kraken
 40216 | Shoals:1 | Killed a kraken
 41196 | Shoals:3 | Found a transporter.
 41205 | Shoals:3 | Found a transporter.
 41207 | Shoals:3 | Noticed Qutowiq's ghost (adept OpFE)
 41609 | Shoals:2 | Noticed Ilsuiw
 41635 | Shoals:2 | Killed Ilsuiw
 42320 | Shoals:2 | Reached XP level 19. HP: 103/114 MP: 29/29
 42353 | Shoals:2 | Noticed Kirke
 42357 | Shoals:2 | Killed Kirke
 44310 | Shoals:3 | Found Goaroilaiv's Armour Emporium.
 44315 | Shoals:3 | Bought a +0 pair of gloves of dexterity for 230 gold pieces
 44678 | Shoals:4 | Entered Level 4 of the Shoals
 44782 | Shoals:4 | Reached skill level 15 in Invocations
 45215 | Shoals:4 | Identified the +1 scale mail "Taorram" {+Inv rC++ rCorr
                  | Stlth-}
 45605 | Shoals:4 | Got a barnacled rune of Zot
 45693 | Shoals:4 | Found the +4 Cigotuvi's embrace {rMiasma Drain rN+}
 47035 | Spider:1 | You are sucked into a shaft and drop 1 floor!
 49381 | Spider:2 | Reached XP level 20. HP: 123/123 MP: 31/31
 50942 | Spider:4 | Entered Level 4 of the Spider Nest
 51566 | Spider:4 | Noticed Arachne
 51573 | Spider:4 | Killed Arachne
 52778 | Spider:4 | Got the Guidebook on Frostbite and the Impact
 53170 | Spider:4 | Got a gossamer rune of Zot
 53762 | Elf:1    | Entered Level 1 of the Elven Halls
 53825 | Elf:1    | Noticed a Tzitzimitl
 54002 | Elf:1    | Found Jooted's Magic Scroll Shoppe.
 54012 | Elf:1    | Found a flickering gateway to a bazaar.
 54030 | Bazaar   | Entered a bazaar
 54128 | Bazaar   | Found Iwna Ufo's Book Shop.
 54162 | Bazaar   | Found Tikic's Jewellery Shop.
 54275 | Elf:1    | Found a magical portal.
 54299 | WizLab   | Entered Zonguldrok's Shrine
 54731 | WizLab   | Reached XP level 21. HP: 131/131 MP: 32/32
 54804 | WizLab   | Noticed an antique lich
 54814 | WizLab   | Found the +9 sword of Zonguldrok {reap}
 54879 | WizLab   | Killed an antique lich
 55214 | Elf:1    | Identified the +2 great mace of Drought {vorpal, Dex+4}
 55512 | Elf:1    | Found Fetuesod's Antique Armour Shop.
 55834 | Elf:1    | Found a runed translucent gate.
 55834 | Elf:1    | Found a runed translucent gate.
 55834 | Elf:1    | Found a runed translucent gate.
 55835 | Elf:1    | Found a runed translucent gate.
 55836 | Elf:1    | Found a runed translucent gate.
 55838 | Elf:1    | Found a runed translucent gate.
 56175 | Elf:1    | Found a runed translucent door.
 56356 | Elf:1    | Bought a scroll of blinking for 105 gold pieces
 56373 | Elf:1    | Found Qublut's Assorted Antiques.
 56378 | Elf:1    | Bought a heavily runed brass amulet for 160 gold pieces
 56378 | Elf:1    | Identified the amulet "Zizxisuo" {Acrobat Str+4} (You
                  | bought it in a shop on level 1 of the Elven Halls)
 56779 | Elf:1    | Found a portal to a secret trove of treasure.
 56795 | Elf:1    | You paid a toll of 13 scrolls of teleportation to enter a
                  | treasure trove
 56796 | Trove    | Entered a treasure trove
 56860 | Trove    | Got Sif Muna's Tome of Dislocated Transmutation
 56866 | Trove    | Got the Papyrus of Transmogrification
 57264 | Elf:1    | Bought a scroll of teleportation for 42 gold pieces
 57264 | Elf:1    | Bought a scroll of teleportation for 42 gold pieces
 57284 | Elf:1    | Bought a scroll of teleportation for 96 gold pieces
 57284 | Elf:1    | Bought a scroll of teleportation for 96 gold pieces
 57872 | Elf:2    | Found a runed translucent gate.
 57873 | Elf:2    | Found a runed translucent gate.
 57873 | Elf:2    | Found a runed translucent gate.
 58050 | Elf:2    | Identified the +4 tower shield "Govul" {Dex+3}
 58050 | Elf:2    | Noticed Louise
 58056 | Elf:2    | Learned a level 2 spell: Blink
 58071 | Elf:2    | Killed Louise
 58511 | Elf:2    | Identified the +10 trident of Victory {vamp, rF+ rCorr
                  | Int+3}
 58585 | Elf:3    | Entered Level 3 of the Elven Halls
 58706 | Elf:3    | Identified the +9 quarterstaff "Erphar" {protect, Fly
                  | Dex+3}
 58873 | Elf:2    | Reached XP level 22. HP: 121/140 MP: 32/34
 59184 | Elf:3    | Identified the +7 scimitar of the Median {antimagic, rC+
                  | Stlth+}
 60095 | Elf:3    | Acquired a +0 hand crossbow of flaming
 60096 | Elf:3    | Acquired the +0 helmet of Nihilism {rF+ Dex+5 Stlth+}
 60109 | Elf:3    | Acquired the ring of Adoett {rC+ Will+ Str+2 Stlth+}
 60242 | Elf:3    | Reached skill level 1 in Shields
 60771 | Elf:3    | Identified the +5 spear "Reveap" {antimagic, rC+ SInv
                  | Stlth+}
 60784 | Elf:3    | Identified the ring of Circularity {Str+2 Dex+6}
 61232 | Vaults:1 | Entered Level 1 of the Vaults
 61590 | Vaults:1 | Noticed Nikola
 61899 | Vaults:1 | Killed Nikola
 62191 | Vaults:1 | Reached skill level 5 in Shields
 62215 | Vaults:1 | Found Zecver's Weapon Boutique.
 63534 | Vaults:2 | Reached XP level 23. HP: 145/145 MP: 35/35
 64626 | Vaults:2 | Reached skill level 10 in Shields
 65533 | Vaults:3 | Found a staircase to the Crypt.
 67061 | Vaults:4 | Got Sif Muna's Verses on Blows and Bruises
 67077 | Vaults:4 | Reached XP level 24. HP: 127/151 MP: 26/35
 68542 | Depths:1 | Entered Level 1 of the Depths
 68600 | D:15     | Reached skill level 15 in Shields
 69539 | Depths:1 | Noticed the Enchantress
 69609 | Depths:1 | Killed the Enchantress
 69779 | Depths:1 | Found a gateway to Hell.
 69844 | Depths:1 | Identified the +3 great mace of Crawling {freeze, rC+ Will+
                  | Dex+2}
 69849 | Depths:1 | Noticed a juggernaut
 69864 | Depths:1 | Killed a juggernaut
 70576 | Depths:2 | Noticed an ancient lich
 70609 | Depths:2 | Found a one-way gateway to a ziggurat.
 70753 | Depths:2 | Reached XP level 25. HP: 155/155 MP: 33/35
 70823 | Depths:2 | Found a one-way gate leading to the halls of Pandemonium.
 70847 | Depths:2 | Noticed Bai Suzhen
 70851 | Depths:2 | Killed Bai Suzhen
 71550 | Depths:3 | Found the +11 plutonium sword {Contam Stlth-}
 72029 | Depths:3 | Found a one-way gate to the infinite horrors of the Abyss.
 72121 | Depths:3 | Noticed Vv
 72443 | Depths:3 | Killed Vv
 72884 | Depths:3 | Found Ocwerchia's Book Boutique.
 73155 | Depths:3 | Identified the ring "Osoomuxex" {rC+ MP+9 Int+6}
 73256 | Depths:3 | Identified the +5 short sword of Hatred {freeze, rC- Int+4
                  | Dex+3}
 73420 | Depths:4 | Entered Level 4 of the Depths
 73715 | Depths:4 | Found Enlefenu's General Store.
 73828 | Depths:4 | Bought a scroll of enchant weapon for 157 gold pieces
 73896 | Depths:4 | Reached skill level 10 in Translocations
 74289 | Depths:4 | Found a gate to the Realm of Zot.
 74904 | Slime:1  | Entered Level 1 of the Pits of Slime
 75181 | Slime:1  | Reached XP level 26. HP: 162/162 MP: 26/35
 78285 | Slime:5  | Entered Level 5 of the Pits of Slime
 78449 | Slime:5  | Noticed the Royal Jelly
 78456 | Slime:5  | Killed the Royal Jelly
 78726 | Slime:5  | Identified the +0 flail of Weheti {freeze, Dex+4}
 78736 | Slime:5  | Got Qoampis's Tractate on Unstable Invitation
 78779 | Slime:5  | Identified the +7 scale mail of the Hart {+Blink rElec rC-
                  | Int+8}
 78783 | Slime:5  | Got a slimy rune of Zot
 78785 | Slime:5  | Got Luduh's Lectures on Helpful Transposition
 78794 | Slime:5  | Found the +4 skin of Zhor {*Englaciate rC+++ SInv}
 78802 | Slime:5  | Identified the ring of Colynug {rElec EV+4 Str+4 Stlth-}
 78809 | Slime:5  | Identified the +4 halberd of Leifojip {drain, rF+ Dex+4}
 79911 | Zot:1    | Entered Level 1 of the Realm of Zot
 81690 | Zot:1    | Reached XP level 27. HP: 78/169 MP: 24/35
 84453 | Zot:3    | Noticed Grunn
 84459 | Zot:3    | Killed Grunn
 84567 | Zot:3    | Noticed a Killer Klown
 84576 | Zot:3    | Noticed a juggernaut
 84576 | Zot:3    | a Killer Klown changed into a juggernaut
 84620 | Zot:3    | Killed a juggernaut
 84902 | Zot:3    | Found a runed translucent gate.
 84903 | Zot:3    | Found a runed translucent gate.
 84903 | Zot:3    | Found a runed translucent gate.
 86190 | Zot:3    | Noticed Emnejil's ghost (master VSBe)
 86322 | Zot:4    | Found the +1 robe of Vines {NoPotionHeal Regen++++}
 87534 | Zot:4    | Found a large runed translucent door.
 87534 | Zot:4    | Found a large runed translucent door.
 87724 | Zot:4    | Noticed Parghit
 88678 | Zot:4    | Reached skill level 27 in Dodging
 89271 | Zot:4    | Noticed Ynileos's ghost (veteran DECj)
 90287 | Zot:4    | Killed Parghit
 90865 | Zot:5    | Entered Level 5 of the Realm of Zot
 92335 | Zot:5    | Noticed an orb of fire
 92335 | Zot:5    | Gained mutation: You are dopey. (Int -2) [an orb of fire]
 92341 | Zot:5    | Noticed a dread lich
 92344 | Zot:5    | Killed an orb of fire
 92457 | Zot:5    | Noticed an orb of fire
 92976 | Zot:5    | Killed an orb of fire
 92979 | Zot:5    | Killed a dread lich
 92986 | Zot:5    | Noticed an ancient lich
 92989 | Zot:5    | Killed an ancient lich
 93071 | Zot:5    | Noticed an orb of fire
 93077 | Zot:5    | Killed an orb of fire
 93597 | Zot:5    | Noticed an orb of fire
 93604 | Zot:5    | Killed an orb of fire
 93605 | Zot:5    | Noticed a Killer Klown
 93609 | Zot:5    | Killed a Killer Klown
 93610 | Zot:5    | Noticed a Killer Klown
 93611 | Zot:5    | Noticed an orb of fire
 93612 | Zot:5    | Noticed a Killer Klown
 93613 | Zot:5    | Noticed a Killer Klown
 93616 | Zot:5    | Killed a Killer Klown
 93617 | Zot:5    | Reached skill level 27 in Fighting
 93620 | Zot:5    | Killed an orb of fire
 93625 | Zot:5    | Killed a Killer Klown
 93626 | Zot:5    | Killed a Killer Klown
 93907 | Zot:5    | Got the Orb of Zot
 93918 | Zot:5    | Noticed a Killer Klown
 93918 | Zot:5    | Noticed an orb of fire
 93919 | Zot:5    | Noticed an ancient lich
 93920 | Zot:5    | Noticed an orb of fire
 94409 | D:11     | Gained mutation: You are very dopey. (Int -4) [a cacodemon]
 94667 | D:$      | Escaped with the Orb!

Illustrated notes

Levels and vault maps discovered:
D:1:      zaba_arrival_water, layout_basic, chequers_ecumenical_altar_grove
D:2:      layout_basic, minmay_misc_feat_doors, nicolae_kite_square_tiling_tiny,
          grunt_ministairs_11
D:3:      layout_rooms, nicolae_hepliaklqana_hippocampus,
          chequers_temple_overflow_statue_of_worship, serial_shops,
          nicolae_lakefront_shop, shop, shop, nicolae_lakefront_shop, uniq_robin
D:4:      layout_loops_ring, nicolae_overflow_crystal_walls,
          minmay_temple_entry_proselytizer
D:5:      layout_basic, grunt_temple_overflow_open, serial_shops, shop_statue,
          uniq_ijyb
D:6:      cheibrodos_quashed, layout_rooms, serial_shops,
          nicolae_shop_hallway_plus, uniq_menkaure, uniq_sigmund
D:7:      layout_loops_corners, minmay_tree_intersection, hex_tiny, uniq_maggie
D:8:      layout_loops_cross, grunt_temple_overflow_bloody_war,
          pdpol_wu_jian_five_deadly_venoms, amcnicky_mini_pool_small,
          uniq_amaemon
D:9:      layout_stronghold, amcnicky_altar_gilded, lair_entry_dummy
D:10:     layout_loops_ring, overflow_temple_1_default, slow_altar_2,
          enter_bailey_3, serial_shops, shop, uniq_urug, uniq_psyche
D:11:     layout_grid_maze, david_orc_2, minivault_21, onia_ninara_cookie
D:12:     kennysheep_seaside_town, layout_cave_pools, nicolae_uskayaw_dance_hall
D:13:     layout_stronghold
D:14:     layout_basic, hangedman_vaults_entry_quadrant_bands,
          trog_three_pillars_becter, serial_shops, nicolae_shop_stone
D:15:     gammafunk_enter_depths_forms, layout_loops_corners, minivault_26
Lair:1:   layout_roguey, portal_ice_cave_entry_ice_simulacra,
          chequers_serial_rivers_micro_c, minivault_27, uniq_erica
Lair:2:   layout_roguey, grunt_megastairs_5
Lair:3:   layout_chaotic_city, elwin_shoals_entry_rooms,
          spider_nest_entry_rubble, grunt_megastairs_3
Lair:4:   layout_regular_city, minmay_slime_entry_oklob_enclosed,
          ebering_ghost_funeral_grove, basic_altar, serial_bayou_shore_a
Lair:5:   minmay_lair_end_frog_pond, layout_cave_pods, lemuel_fruit_tree
Shoals:1: layout_shoals, nicolae_shoals_siren_and_animal_friends
Shoals:2: layout_shoals, nicolae_shoals_pincushion_passage, uniq_kirke,
          uniq_ilsuiw
Shoals:3: layout_shoals, serial_shops, nicolae_shop_advertising_works
          [nicolae_subvault_shop_adworks], gammafunk_ghost_berserking_beasts
Shoals:4: shoals_end_simple, layout_shoals
Spider:1: layout_spider_delve
Spider:2: layout_spider_delve, drop_trap
Spider:3: cheibrodos_forgotten_conduit, hangedman_spider_tarantella_strand
Spider:4: johnstein_spider_rune_arachne_lair
Slime:1:  layout_caves
Slime:2:  layout_caves
Slime:3:  layout_caves
Slime:4:  layout_caves
Slime:5
Orc:1:    dreamdust_under_siege, layout_diamond_mine, roderic_batcave,
          nicolae_shop_vocational
Orc:2:    st_orc_elflike, layout_diamond_mine, gauntlet_entry_generic
Elf:1:    eino_elf_arrival_customs, layout_geoelf_grid, serial_shops,
          bzr_entry_gold, shop, shop, shop_fountains, mu_enter_wizlab_1,
          enter_trove_5, orc_legates, library_closet, nicolae_danse_macabre
Elf:2:    nicolae_elf_blades_crystal_corner, layout_geoelf_grid, uniq_louise
Elf:3:    minmay_elf_hall_furrowed, layout_loops_ring
Vaults:1: nicolae_vaults_puzzle_piece, v_misc_17, dpeg_vaults_waves,
          v_alt_pattern_1, grunt_vaults_bifocal, hangedman_vaults_cutoff,
          hangedman_vaults_slice, layout_vaults_omnigrid, serial_shops,
          nicolae_shop_hallway_stairs, uniq_nikola
Vaults:2: v_misc_5, v_misc_31, hangedman_vaults_slither, v_misc_33,
          nicolae_vaults_asterisk, vaults_room_hallway, nicolae_vaults_asterisk,
          vaults_dpeg_diagonal, grunt_vaults_diagonal, dpeg_vaults_monster_row,
          layout_vaults_omnibox
Vaults:3: ontoclasm_vaults_loading_screen, nicolae_vaults_little_ls,
          ontoclasm_vaults_shuriken, hangedman_vaults_impose,
          nicolae_vaults_little_squares_1, grunt_vaults_trifunnel,
          nicolae_vaults_ninety_degrees, minmay_crypt_entry_simple_box,
          v_rooms_3, vaults_mumra_minichess_inversion,
          nicolae_vaults_little_squares_1, special_room_vaults
          [special_room_orc], layout_vaults_ring
Vaults:4: nicolae_vaults_know_your_exits, nicolae_vaults_circle_grid_b,
          hangedman_vaults_capsules, nicolae_vaults_shelves_hall,
          hangedman_vaults_variations, nicolae_vaults_little_squares_1,
          nicolae_vaults_mini_display_case, vaults_dpeg_encased_lava,
          ontoclasm_vaults_loading_screen, layout_vaults_chaotic_city
Depths:1: layout_cave_shapes, hangedman_coc_ice_floe,
          hellmonk_guarded_unrand_dark_maul, uniq_enchantress
Depths:2: kennysheep_spiral_hall, layout_twisted_cross, enter_ziggurat_c,
          pan_entry, pf_dread_powers_of_hell, minmay_misc_feat_pillars,
          hangedman_abyss_or_decor_stagger, serial_bayou_crossing,
          uniq_bai_suzhen
Depths:3: minmay_concentric_multi, layout_cave_pools, grunt_hell_horde,
          hangedman_abyss_entry_splay, serial_shops,
          nicolae_shop_window_shopping, minivault_14, uniq_vv
Depths:4: evilmike_zot_entry_hall, layout_cave_pools, serial_shops, shop,
          abandoned_shop, hell_entry, serial_bayou_shore_b
Zot:1:    layout_cathedral_of_symmetry
Zot:2:    layout_onion_interference
Zot:3:    layout_cathedral_of_symmetry, gammafunk_ghost_necromancy, uniq_grunn
Zot:4:    layout_cathedral_of_symmetry, ebering_ghost_disaster_area,
          uniq_parghit
Zot:5:    layout_basic, grunt_ministairs_13, st_stairs_8

Skill      XL: |  1  2  3  4  5  6  7  8  9 10 11 12 13 14 15 16 17 18 19 20 21 22 23 24 25 26 27 |
---------------+----------------------------------------------------------------------------------+-----
Stealth        | 2 3 4 6 |  6.0
Ranged Weapons | 6 7 8 9 11 12 13 15 16 17 18 20 | 20.7
Dodging        | 5 8 10 11 12 13 15 17 18 20 22 24 25 27 | 27.0
Fighting       | 4 5 7 9 10 11 13 15 16 18 20 21 22 23 27 | 27.0
Invocations    | 1 5 7 10 12 13 14 15 16 17 18 | 18.0
Evocations     | 1 5 |  5.0
Armour         | 2 4 |  4.5
Hexes          | 4 5 8 |  8.0
Translocations | 4 5 8 10 12 | 12.0
Shields        | 8 13 16 18 20 | 20.0

Action                   |  1- 3 |  4- 6 |  7- 9 | 10-12 | 13-15 | 16-18 | 19-21 | 22-24 | 25-27 || total
-------------------------+-------+-------+-------+-------+-------+-------+-------+-------+-------++-------
Melee: Short sword       |     2 |    21 |     4 |       |       |       |       |       |       ||    27
       Shortbow          |       |       |     2 |       |       |       |       |       |       ||     2
       Arbalest          |       |       |       |       |     1 |     8 |       |       |       ||     9
       Hand crossbow     |       |       |       |       |       |       |       |     2 |     6 ||     8
 Fire: Shortbow          |    77 |   121 |   123 |   239 |       |       |       |       |       ||   560
       Arbalest          |       |       |       |   170 |   620 |   573 |   833 |   684 |       ||  2880
       Hand crossbow     |       |       |       |       |       |       |       |   152 |  1113 ||  1265
 Cast: Portal Projectile |       |       |       |       |       |     1 |     6 |    56 |   172 ||   235
Invok: Recall Ancestor   |       |       |     3 |     3 |     2 |     3 |     1 |     1 |     4 ||    17
       Ancestor Life: Kn |       |       |     1 |       |       |       |       |       |       ||     1
       Transference      |       |       |       |     5 |     3 |     2 |     2 |       |       ||    12
       Idealise          |       |       |       |       |     4 |     1 |     5 |     3 |     8 ||    21
  Use: Potion            |     1 |       |       |       |       |     2 |     1 |     3 |    13 ||    20
       Scroll            |       |       |     6 |    20 |     1 |     8 |     6 |     9 |    13 ||    63
 Stab: Distracted        |       |     1 |       |       |       |       |       |       |       ||     1
Armor: Leather armour    |    16 |    15 |       |       |       |       |       |       |       ||    31
       Animal skin       |       |     3 |     8 |     2 |       |       |       |       |       ||    13
       Steam dragon scal |       |       |       |     7 |     5 |       |       |       |       ||    12
       Acid dragon scale |       |       |       |       |     3 |     2 |       |       |    21 ||    26
       Ring mail         |       |       |       |       |       |    12 |    35 |    21 |    10 ||    78
       Skin              |       |       |       |       |       |       |       |       |     2 ||     2
Dodge: Dodged            |    49 |    65 |    48 |   114 |   125 |   189 |   356 |   456 |   440 ||  1842
Block: Other             |       |       |       |     7 |    21 |    35 |    54 |    69 |       ||   186
       Reflection        |       |       |       |       |     1 |     9 |     9 |    10 |    20 ||    49
       Kite shield       |       |       |       |       |       |       |       |   107 |   525 ||   632
